cohdb
Replays
Latest Replays
All Replays
Popular Replays
Top Player Replays
Match Explorer
How It Works
Community
CoH3 Stats
Reddit
Sign in to upload your games and track your stats! →
Sign in with Steam
if only DAK could do something like this with PZ III + Tiger...
Match 15134871
Overview
Messages
Build Orders
End
Construct Infanterie Kompanie
Kettenkrad Recon Vehicle
Grenadier Squad
Grenadier Squad
MG 42 Machine Gun Team
Infanterie Officer Quarters
Grenadier Squad
Construct Panzergrenadier Kompanie
Pak 40 Anti-tank Gun Team
MG 42 Machine Gun Team
Selects Breakthrough Battlegroup
Selects Assault Grenadiers
Selects Breakthrough
Construct Panzer Kompanie
Selects Mechanized Assault Group
Mechanized Assault Group
Medical Station
Panzer IV Medium Tank
Selects 2.5-tonne Cargo Truck
2.5-tonne Cargo Truck
Panzer IV Medium Tank
Pioneer Squad
Panzer IV Medium Tank
Selects Blitzkrieg
Pioneer Squad
Selects Tiger Heavy Tank
Tiger Heavy Tank
Blitzkrieg
Zuntew
Your Worst Nightmare
0
0
Comments
sign in to comment!
No comments posted yet!